 Dungeon Crawl Stone Soup version 0.31-a0-819-gf6de2f5ab6 (webtiles) character file.

Game seed: 11373649269099058106

709 Shayle the Trooper (level 7, -5/72 HPs)
             Began as an Ogre Hexslinger on Sept 23, 2023.
             Slain by a phantom (7 damage)
             ... on level 5 of the Dungeon.
             The game lasted 00:08:04 (4099 turns).

Shayle the Trooper (Ogre Hexslinger)                Turns: 4099, Time: 00:08:04

Health: -5/72      AC:  3    Str: 13    XL:     7   Next: 68%
Magic:  13/13      EV: 10    Int: 16    God:
Gold:   64         SH:  0    Dex: 17    Spells: 15/15 levels left

rFire   . . .        (no weapon)
rCold   . . .        (no shield)
rNeg    . . .        c - +0 robe
rPois   +            (helmet restricted)
rElec   .            (no cloak)
rCorr   .            (gloves unavailable)
SInv    .            (boots unavailable)
Will    .....        (no amulet)
Stlth   ++           f - ring of poison resistance
HPRegen 0.32/turn    h - +6 ring of dexterity
MPRegen 0.13/turn

%: no passive effects
@: no status effects
A: large, unfitting armour, tough skin 1
a: no special abilities


You were on level 5 of the Dungeon.
You visited 1 branch of the dungeon, and saw 5 of its levels.

You collected 246 gold pieces.
You spent 182 gold pieces at shops.

Inventory:

Hand Weapons
 a - a +1 sling
 j - a +1 dagger of venom
 m - a +0 spear of venom
Armour
 c - a +0 robe (worn)
Jewellery
 f - a ring of poison resistance (left hand)
 h - a +6 ring of dexterity (right hand)
 r - a ring of ice
Scrolls
 b - a scroll of poison
 d - a scroll of noise
 e - a scroll of immolation
 g - 3 scrolls of fog {unknown}
 l - a scroll of teleportation {unknown}
 o - 5 scrolls of identify
Potions
 i - a potion of mutation {unknown}
 n - 2 potions of resistance {unknown}
 q - a potion of brilliance {unknown}


   Skills:
 + Level 5.4 Fighting
 - Level 1.3 Ranged Weapons
 - Level 1.7 Dodging
 + Level 4.5 Spellcasting
 - Level 2.6 Hexes
 + Level 3.6 Fire Magic
 + Level 4.2 Invocations


You had 15 spell levels left.
You didn't know any spells.
Your spell library contained the following spells:

 Spells                   Type           Power      Damage    Failure   Level
 Jinxbite                 Hex            24%        N/A       9%          2
 Inner Flame              Hex/Fire       13%        N/A       13%         3
 Apportation              Tloc           6%         N/A       16%         1
 Necrotise                Necr           12%        1d4       16%         1
 Summon Small Mammal      Summ           12%        N/A       16%         1
 Sigil of Binding         Hex            12%        N/A       16%         3
 Cause Fear               Hex            6%         N/A       47%         4
 Dimensional Bullseye     Hex/Tloc       3%         N/A       67%         4


Dungeon Overview and Level Annotations

Branches:
Dungeon (5/15)
 Temple: D:4-7

Altars:
Xom

Shops:
D:3 !

Annotations:
D:2 1 runed translucent door, Crazy Yiuf
D:5 Dowan, Duvessa, Eustachio


Innate Abilities, Weirdness & Mutations

You are too large for most types of armour.
You have tough skin. (AC +1)


Message History

The phantom barely misses you.
You closely miss the phantom.
The phantom is almost destroyed.
The phantom barely misses you.
Okay, then.
Your +1 dagger of venom stops dripping with poison.
You are now empty-handed.
The phantom hits you.
* * * LOW HITPOINT WARNING * * *
The phantom blinks!
You blink.
You closely miss the phantom.
The phantom is almost destroyed.
The phantom hits you.
* * * LOW HITPOINT WARNING * * *
The phantom blinks!
You blink.
A hound comes into view.
You hit the phantom but do no damage.
The phantom is almost destroyed.
The hound stops to sniff the ground.
The phantom barely misses you.
You hit the phantom.
The phantom is almost destroyed.
The phantom hits you.
* * * LOW HITPOINT WARNING * * *
The phantom blinks!
You blink.
You hit the phantom but do no damage.
The phantom is almost destroyed.
The phantom hits you.
* * * LOW HITPOINT WARNING * * *
You hit the phantom but do no damage.
The phantom is almost destroyed.
The phantom hits you.
* * * LOW HITPOINT WARNING * * *
The phantom blinks!
You blink.
You hit the phantom but do no damage.
The phantom is almost destroyed.
The phantom closely misses you.
You hit the phantom but do no damage.
The phantom is almost destroyed.
The phantom hits you!
You die...

####.#.......#.##.###..##.#
......###.#..#.##.###..##.#
####.##................##.#
§.........##....#.###..##.#
####.##.##.#.#..#.# #..##.#
#.##.# .#.#..#.# #..# .#
#.##.# .#.#....# #..#
#.##.# .#.#.#..# #..#
#.##.# .#.#.#@.# #...
.e##.# .#.#.##W# #... e##.#
.#§#.##§# ...
...h...........
...#.##...#.###
........>### ...... ....
.#..### ##.# #.#.. #.#


You could see a phantom.

Vanquished Creatures
  A water moccasin (D:4)
  An ogre (D:4)
  A centaur (D:5)
  A scorpion (D:4)
  5 jellies
  An orc priest (D:4)
  Jessica (D:2)
  Robin (D:2)
  8 adders
  3 worms
  A dart slug (D:1)
  3 orcs
  6 bats
  9 endoplasms
  19 goblins
  5 hobgoblins
  8 kobolds
  3 quokkas
  5 ball pythons
  4 frilled lizards
  3 rats (D:3)
89 creatures vanquished.

Vanquished Creatures (others)
  A kobold (D:3)
1 creature vanquished.

Grand Total: 90 creatures vanquished

Notes
Turn   | Place    | Note
-------+----------+-------------------------------------------
     0 | D:1      | Shayle the Ogre Hexslinger began the quest for the Orb.
     0 | D:1      | Reached XP level 1. HP: 19/19 MP: 2/2
    53 | D:1      | Reached skill level 1 in Fire Magic
    78 | D:1      | Reached XP level 2. HP: 20/28 MP: 2/4
   227 | D:1      | Reached skill level 2 in Fighting
   244 | D:1      | Reached skill level 1 in Invocations
   283 | D:1      | Reached XP level 3. HP: 35/35 MP: 5/5
   742 | D:2      | Noticed Robin
   764 | D:2      | Killed Robin
   765 | D:2      | Reached XP level 4. HP: 7/44 MP: 7/7
  1027 | D:2      | Found a shimmering altar of Xom.
  1057 | D:2      | Found a runed translucent door.
  1058 | D:2      | Noticed Crazy Yiuf
  1094 | D:2      | Noticed Jessica
  1105 | D:2      | Killed Jessica
  1106 | D:2      | Reached skill level 3 in Fighting
  1770 | D:3      | Reached XP level 5. HP: 53/53 MP: 7/9
  2148 | D:3      | Found Siod's Distillery.
  2153 | D:3      | Bought a potion of curing for 39 gold pieces
  2153 | D:3      | Bought a potion of curing for 39 gold pieces
  2153 | D:3      | Bought a potion of heal wounds for 65 gold pieces
  2153 | D:3      | Bought a potion of curing for 39 gold pieces
  2277 | D:3      | Found a shimmering altar of Xom.
  2749 | D:4      | Reached XP level 6. HP: 36/62 MP: 10/10
  2977 | D:4      | Reached skill level 4 in Fighting
  3075 | D:4      | Noticed a water moccasin
  3229 | D:4      | Killed a water moccasin
  3230 | D:4      | Reached XP level 7. HP: 36/71 MP: 11/13
  3489 | D:4      | Noticed a steam dragon
  3509 | D:4      | Reached skill level 5 in Fighting
  3690 | D:5      | Entered Level 5 of the Dungeon
  4067 | D:5      | Noticed Eustachio
  4072 | D:5      | Noticed Duvessa
  4072 | D:5      | Noticed Dowan
  4097 | D:5      | HP: 1/72 [phantom (5)]
  4099 | D:5      | Slain by a phantom

Illustrated notes

Levels and vault maps discovered:
D:1:      mrwooster_arrival_arrow, layout_basic
D:2:      layout_basic, basic_altar, nicolae_concentric_dashed_squares_mild,
          ebering_dispersal_statue_hall, uniq_jessica, uniq_crazy_yiuf_cottage,
          uniq_robin
D:3:      layout_loops_ring, dk_xom_monty_hall, serial_shops, shop,
          grunt_ministairs_11
D:4:      minmay_thick_lines, layout_basic, minmay_temple_entry_junction
D:5:      layout_basic, serial_shops, shop, st_stairs_6,
          kennysheep_generic_room_10, uniq_edmund, uniq_eustachio, uniq_duvessa

Skill      XL: |  1  2  3  4  5  6  7 |
---------------+----------------------+-----
Fire Magic     | 1 2 3 |  3.6
Fighting       | 2 3 4 5 |  5.4
Invocations    | 1 2 3 4 |  4.2
Spellcasting   | 2 3 4 |  4.5
Ranged Weapons | |  1.3
Dodging        | |  1.7
Hexes          | |  2.6

Action                     |  1- 3 |  4- 6 |  7- 9 || total
---------------------------+-------+-------+-------++-------
  Melee: Dagger            |    19 |   144 |   103 ||   266
         Punch             |       |     2 |     1 ||     3
         Unarmed           |       |       |     7 ||     7
   Fire: Sling             |    78 |     3 |       ||    81
    Use: Potion            |     4 |     1 |     4 ||     9
         Scroll            |       |     3 |       ||     3
   Stab: Sleeping          |       |     1 |     2 ||     3
 Armour: Robe              |    42 |    79 |   105 ||   226
  Dodge: Dodged            |    24 |    65 |    56 ||   145

Table legend: (Time is in decaauts)
 A = Elapsed time spent in this place.
 B = Non-inter-level travel time spent in this place.
 C = Inter-level travel time spent in this place.
 D = Time resting spent in this place.
 E = Time spent auto-exploring this place.
 F = Levels seen in this place.
 G = Mean time per level.
                   A        B        C        D        E       F      G
               +--------+--------+--------+--------+--------+-----+--------+
         Total |   4122 |   4046 |     76 |    539 |   2514 |   5 |  824.4 |
       Dungeon |   4122 |   4046 |     76 |    539 |   2514 |   5 |  824.4 |
               +--------+--------+--------+--------+--------+-----+--------+

Top non-repeatable levels by time:
     D:2: 1104 daAuts
     D:4: 975 daAuts
     D:3: 971 daAuts
     D:1: 663 daAuts
     D:5: 408 daAuts
